cohdb
Replays
Latest Replays
All Replays
Popular Replays
Top Player Replays
Match Explorer
How It Works
Community
CoH3 Stats
Reddit
Sign in to upload your games and track your stats! →
Sign in with Steam
Match 45692803
Unlisted
Match 45692803
Overview
Messages
Build Orders
End
Construct Infanterie Kompanie
Selects Mechanized Battlegroup
Selects Mechanized Battlegroup
MG 42 Machine Gun Team
GrW 34 Mortar Team
Grenadier Squad
Pioneer Squad
Construct Panzergrenadier Kompanie
Selects Mobile Repair Stations
Panzergrenadier Squad
Panzergrenadier Squad
Pak 40 Anti-tank Gun Team
Selects Wespe Self-propelled Artillery
Wespe Self-propelled Artillery
Wespe Self-propelled Artillery
Panzergrenadier Officer Quarters
Panzergrenadier Squad
Hunter
el campo
MaXiS
Skeng.Tecnica.International
Rather Splendid Cromwell
N7 SHARK
0
0
Comments
sign in to comment!
No comments posted yet!